 Dungeon Crawl Stone Soup version 0.32-a0-921-g04a7ad8e02 (webtiles) character file.

Game seed: 4578977335954892410

106 mopl the Shooter (level 4, -1/37 HPs)
             Began as a Minotaur Hunter on Apr 11, 2024.
             Slain by a crocodile (14 damage)
             ... in a sewer.
             The game lasted 00:02:21 (1395 turns).

mopl the Shooter (Minotaur Hunter)                  Turns: 1395, Time: 00:02:22

Health: -1/37      AC:  6    Str: 17    XL:     4   Next: 55%
Magic:  3/3        EV:  9    Int:  6    God:
Gold:   118        SH:  0    Dex: 14    Spells: 3/3 levels left

rFire   . . .        a - +0 shortbow
rCold   . . .        (shield currently unavailable)
rNeg    . . .        g - +0 scale mail
rPois   .            (helmet restricted)
rElec   .            (no cloak)
rCorr   .            (no gloves)
SInv    .            (no boots)
Will    .....        (no amulet) Stlth
                     (no ring)
HPRegen 0.26/turn    (no ring)
MPRegen 0.08/turn

%: no passive effects
@: invisible
A: horns 2, retaliatory headbutt
a: no special abilities


You were in a sewer.
You visited 1 branch of the dungeon, and saw 3 of its levels.
You also visited: Sewer.

You collected 118 gold pieces.

Inventory:

Hand Weapons
 a - a +0 shortbow (weapon)
Missiles
 d - 5 poisoned darts
 n - 5 javelins
Armour
 g - a +0 scale mail (worn)
Scrolls
 b - a scroll of butterflies
 c - a scroll of vulnerability {unknown}
 e - a scroll of blinking {unknown}
 h - a scroll of poison {unknown}
 j - a scroll of identify {unknown}
 k - a scroll of enchant weapon {unknown}
 m - a scroll of brand weapon {unknown}
 o - a scroll of fear {unknown}
 p - a scroll of immolation {unknown}
Potions
 f - a potion of invisibility
 l - a potion of enlightenment {unknown}


   Skills:
 - Level 2.4 Fighting
 + Level 6.6 Ranged Weapons
 - Level 2.1 Dodging
 - Level 0.7 Stealth


You had 3 spell levels left.
You didn't know any spells.
Your spell library contained the following spells:

 Spells                   Type           Power      Damage    Failure   Level
 Kiss of Death            Conj/Necr      0%         2d5       88%         1
 Magic Dart               Conj           0%         1d3       88%         1
 Blink                    Tloc           0%         N/A       95%         2
 Call Imp                 Summ           0%         N/A       95%         2
 Confusing Touch          Hex            0%         N/A       99%         3
 Volatile Blastmotes      Fire/Tloc      0%         2d10      99%         3
 Dispel Undead            Necr           0%         3d6       100%        4
 Fulminant Prism          Conj/Alch      0%         3d5       100%        4
 Iskenderun's Mystic Bla Conj/Tloc 0%             2d3        (+2d1     100%        4


Dungeon Overview and Level Annotations

Branches:
Dungeon (3/15)              Sewer (1/1)

Altars:


Innate Abilities, Weirdness & Mutations

You have a pair of horns on your head.
You reflexively headbutt those who attack you in melee.


Message History

There is a glowing drain here.
The world spins around you as you enter the gateway.
You enter a sewer!
Found a gate leading back out of this place.
There is an empty arch of ancient stone here.
You enter the shallow water.
Moving in this stuff is going to be slow.
A crocodile comes into view.
You shoot an arrow. The arrow hits the crocodile.
The crocodile is lightly wounded.
There is an empty arch of ancient stone here.
You shoot an arrow.
The arrow completely misses the crocodile.
You shoot an arrow. The arrow misses the crocodile.
You shoot an arrow. The arrow closely misses the crocodile.
The crocodile bites you but does no damage.
The crocodile bites you. The crocodile drags you backwards!
Splash!
You shoot an arrow. The arrow barely misses the crocodile.
The crocodile bites you but does no damage.
You shoot an arrow. The arrow barely misses the crocodile.
The crocodile bites you! The crocodile drags you backwards!
Splash!
You are too injured to fight recklessly!
You are too injured to fight recklessly!
You are too injured to fight recklessly!
It was a potion of invisibility.
You fade into invisibility!
The crocodile barely misses you.
The crocodile attacks as it pursues you!
The crocodile bites you. The crocodile drags you backwards!
Splash!
The crocodile bites you. The crocodile drags you backwards!
Splash!
The crocodile bites you!
* * * LOW HITPOINT WARNING * * *
The crocodile drags you backwards!
The crocodile bites you but does no damage.
It was a potion of curing.
You feel better. The crocodile bites you!
You die...

##############
.......~~~~∩∩#
#####l~~~###
##@~## ####


You could see a crocodile (unable to see you).

Vanquished Creatures
  5 adders
  2 dart slugs (D:1)
  4 ribbon worms
  2 ball pythons
  5 bats
  4 endoplasms
  A giant cockroach (D:1)
  4 hobgoblins
  4 quokkas
  2 frilled lizards (D:1)
  8 goblins
  3 kobolds
  5 rats
49 creatures vanquished.

Notes
Turn   | Place    | Note
-------+----------+-------------------------------------------
     0 | D:1      | mopl the Minotaur Hunter began the quest for the Orb.
     0 | D:1      | Reached XP level 1. HP: 18/18 MP: 0/0
   273 | D:1      | Reached XP level 2. HP: 25/25 MP: 1/1
   280 | D:1      | Reached skill level 5 in Ranged Weapons
   570 | D:1      | Reached XP level 3. HP: 30/30 MP: 2/2
  1087 | D:2      | Reached skill level 6 in Ranged Weapons
  1285 | D:3      | Reached XP level 4. HP: 26/37 MP: 3/3
  1377 | D:3      | Found a glowing drain.
  1382 | Sewer    | Entered a sewer
  1383 | Sewer    | Noticed a crocodile
  1395 | Sewer    | Slain by a crocodile

Illustrated notes

Levels and vault maps discovered:
D:1:      spicycebolla_green_bress_n_ham_2, layout_basic
D:2:      layout_loops_ring
D:3:      layout_basic, nicolae_uskayaw_dance_hall, lightli_sewer_entry_pipes,
          nrook_campfire, minmay_misc_feat_chi
Sewer:    sewer_sea

Skill      XL: |  1  2  3 |
---------------+----------+-----
Ranged Weapons | 5 6 |  6.6
Fighting       | |  2.4
Dodging        | |  2.1
Stealth        | |  0.7

Action                     |  1- 3 |  4- 6 || total
---------------------------+-------+-------++-------
   Fire: Shortbow          |   139 |    42 ||   181
    Use: Potion            |       |     2 ||     2
 Armour: Ring mail         |     2 |       ||     2
         Leather armour    |     1 |       ||     1
         Scale mail        |    64 |    20 ||    84
  Dodge: Dodged            |    38 |    13 ||    51

Table legend: (Time is in decaauts)
 A = Elapsed time spent in this place.
 B = Non-inter-level travel time spent in this place.
 C = Inter-level travel time spent in this place.
 D = Time resting spent in this place.
 E = Time spent auto-exploring this place.
 F = Levels seen in this place.
 G = Mean time per level.
                   A        B        C        D        E       F      G
               +--------+--------+--------+--------+--------+-----+--------+
         Total |   1471 |   1405 |     66 |      0 |    974 |   4 |  367.8 |
       Dungeon |   1455 |   1389 |     66 |      0 |    974 |   3 |  485.0 |
         Sewer |     16 |     16 |      0 |      0 |      0 |   1 |   16.0 |
               +--------+--------+--------+--------+--------+-----+--------+

Top non-repeatable levels by time:
     D:1: 723 daAuts
     D:2: 584 daAuts
     D:3: 147 daAuts
   Sewer: 16 daAuts
